 Dungeon Crawl Stone Soup version 0.31-a0-816-gd61d57ddb1 (webtiles) character file.

Game seed: 5934833796203839176

195 Essalna the Stinger (level 5, -10/35 HPs)
             Began as a Demonspawn Venom Mage on Sept 22, 2023.
             Mangled by an iguana (13 damage)
             ... on level 4 of the Dungeon.
             The game lasted 00:06:31 (3724 turns).

Essalna the Stinger (Demonspawn Venom Mage)         Turns: 3724, Time: 00:06:32

Health: -10/35     AC:  2    Str:  8    XL:     5   Next: 45%
Magic:  10/10      EV: 17    Int: 18    God:
Gold:   187        SH:  0    Dex: 16    Spells: 8/11 levels left

rFire   . . .        o - +0 long sword
rCold   . . .        (no shield)
rNeg    . . .        a - +0 robe
rPois   .            (helmet restricted)
rElec   .            (no cloak)
rCorr   .            (no gloves)
SInv    +            (no boots)
Will    .....        l - amulet of magic regeneration
Stlth   +++          x - +5 ring of evasion
HPRegen 0.25/turn    t - ring of see invisible
MPRegen 0.52/turn

%: no passive effects
@: no status effects
A: antennae 1, thin skeletal structure 1, powered by death 1
a: no special abilities


You were on level 4 of the Dungeon.
You visited 1 branch of the dungeon, and saw 4 of its levels.

You collected 187 gold pieces.

Inventory:

Hand Weapons
 d - a +0 club
 o - a +0 long sword (weapon)
Missiles
 c - 6 darts of dispersal
Armour
 a - a +0 robe (worn)
Magical Staves
 v - a staff of death
Jewellery
 h - a ring of wizardry
 l - an amulet of magic regeneration (around neck)
 t - a ring of see invisible (right hand)
 x - a +5 ring of evasion (left hand)
Wands
 r - a wand of mindburst (11)
 w - a wand of polymorph (5)
Scrolls
 i - a scroll of enchant weapon {unknown}
 k - 4 scrolls of identify {unknown}
 n - 3 scrolls of teleportation {unknown}
 p - a scroll of immolation {unknown}
 q - a scroll of blinking {unknown}
Potions
 b - a potion of magic
 e - 2 potions of ambrosia {unknown}
 f - a potion of enlightenment {unknown}
 g - a potion of brilliance {unknown}
 j - a potion of cancellation {unknown}
 m - a potion of berserk rage {unknown}
 s - 2 potions of mutation {unknown}
 u - a potion of curing {unknown}


   Skills:
 - Level 1.7 Dodging
 - Level 1.7 Stealth
 + Level 3.5 Spellcasting
 - Level 0.8 Transmutations
 + Level 2.2 Air Magic
 + Level 4.4 Poison Magic


You had 8 spell levels left.
You knew the following spells:

 Your Spells              Type           Power      Damage    Failure   Level
a - Sting                 Tmut/Pois      48%        1d5       5%          1
b - Poisonous Vapours     Pois/Air       30%        N/A       6%          2

Your spell library contained the following spells:

 Spells                   Type           Power      Damage    Failure   Level
 Mephitic Cloud           Conj/Pois/Air  11%        N/A       19%         3
 Olgreb's Toxic Radiance  Pois           19%        N/A       24%         4


Dungeon Overview and Level Annotations

Branches:
Dungeon (4/15)
 Temple: D:4-7

Altars:
Nemelex Xobeh
Sif Muna

Annotations:
D:2 1 runed translucent door, Crazy Yiuf


Innate Abilities, Weirdness & Mutations

You have a pair of small antennae on your head.
You have a somewhat thin skeletal structure. (Dex +2, Stealth+)
You regenerate a little health from kills.


Message History

The phantom hits you but does no damage.
An orc priest comes into view. It is wielding a +0 club.
An orc comes into view. It is wielding a +0 flail.
You hear a shout!
You slash the phantom!
The phantom is severely damaged.
The phantom barely misses you. The phantom completely misses you.
The phantom hits you.
The phantom blinks!
You blink.
The phantom attacks as it pursues you! The phantom hits you.
The phantom blinks!
You blink.
Found a glowing silver altar of Zin.
You barely miss the phantom.
The phantom is severely damaged.
The phantom barely misses you.
You miss the phantom.
The phantom is severely damaged.
The phantom hits you.
You hit the phantom but do no damage.
The phantom is severely damaged.
The phantom barely misses you. The phantom misses you.
You barely miss the phantom.
The phantom is severely damaged.
The phantom closely misses you.
You hit the phantom.
The phantom is almost destroyed.
The phantom hits you.
* * * LOW HITPOINT WARNING * * *
The phantom hits you!
* * * LOW HITPOINT WARNING * * *
You closely miss the phantom.
The phantom is almost destroyed.
The phantom closely misses you.
Okay, then.
Hit: o) +0 long sword
Press: ? - help, Dir - move target, f/p - phantom
Aim: a phantom (almost destroyed, about 54% to evade your +0 long sword)
You closely miss the phantom.
The phantom is almost destroyed.
The phantom hits you but does no damage.
The iguana bites you!
You die...

.....##..#.# #####
#.#.#......#
.....##..#.# #.#
#.#.#..##..#
.........#.# #.# ## #
....§....... ... . .
...l.##..#.# #.#.# #
#..........#####.#.###
o....................#
.)...##..#.####lW#.#.
.....#..........@#
.......≈≈≈≈≈≈≈≈≈...#
#..#...≈.......≈.#.#
.......≈.###.#.≈.....
#.#.≈. ...#.≈.# #.# #
#.≈.#._.#.≈.. ...
#.≈.#. .#.≈.# ###
#.≈..


You could see a phantom and an iguana.

Vanquished Creatures
  Jessica (D:2)
  4 gnolls (D:3)
  4 adders
  An ufetubus (D:4)
  3 worms
  2 dart slugs (D:2)
  4 orcs (D:3)
  5 bats
  10 endoplasms
  2 giant cockroaches (D:1)
  3 goblins
  5 hobgoblins
  9 quokkas
  8 ball pythons
  4 frilled lizards
  4 kobolds
  5 rats
74 creatures vanquished.

Notes
Turn   | Place    | Note
-------+----------+-------------------------------------------
     0 | D:1      | Essalna the Demonspawn Venom Mage began the quest for the
                  | Orb.
     0 | D:1      | Reached XP level 1. HP: 13/13 MP: 3/3
   241 | D:1      | Gained mutation: You regenerate a little health from kills.
                  | [demonic ancestry]
   241 | D:1      | Reached XP level 2. HP: 13/19 MP: 1/5
   621 | D:1      | Learned a level 2 spell: Poisonous Vapours
  1091 | D:1      | Found a faded altar of an unknown god.
  1511 | D:2      | Gained mutation: You have a somewhat thin skeletal
                  | structure. (Dex +2, Stealth+) [demonic ancestry]
  1511 | D:2      | Reached XP level 3. HP: 22/24 MP: 0/6
  1886 | D:2      | Found a runed translucent door.
  1887 | D:2      | Noticed Crazy Yiuf
  2207 | D:2      | Reached skill level 1 in Air Magic
  2263 | D:2      | Noticed Jessica
  2269 | D:2      | Killed Jessica
  2270 | D:2      | Reached XP level 4. HP: 30/30 MP: 5/8
  2352 | D:2      | Reached skill level 4 in Poison Magic
  2709 | D:3      | Found a shimmering blue altar of Sif Muna.
  2898 | D:3      | Gained mutation: You have a pair of small antennae on your
                  | head. [demonic ancestry]
  2898 | D:3      | Reached XP level 5. HP: 30/35 MP: 6/10
  3659 | D:4      | Noticed a phantom
  3695 | D:4      | Found a sparkling altar of Nemelex Xobeh.
  3724 | D:4      | Mangled by an iguana

Illustrated notes

Levels and vault maps discovered:
D:1:      lightli_molten_gateway, layout_loops_ring,
          dreamdust_ecumenical_altar_hidden_monk_grotto,
          nicolae_concentric_dashed_squares_wild, chequers_hall_statues_wall_a,
          minmay_tripent
D:2:      layout_loops_cross, chequers_serial_rivers_room_a,
          uniq_crazy_yiuf_cottage, uniq_jessica
D:3:      layout_loops_cross, kennysheep_orc_sif_temple, minmay_vboxes
D:4:      layout_basic, nicolae_wu_jian_immortal_techniques,
          mainiacjoe_overflow_brackets, kennysheep_mini

Skill      XL: |  1  2  3  4  5 |
---------------+----------------+-----
Air Magic      | 1 2 |  2.2
Spellcasting   | 3 |  3.5
Poison Magic   | 4 |  4.4
Dodging        | |  1.7
Stealth        | |  1.7
Transmutations | |  0.8

Action                     |  1- 3 |  4- 6 || total
---------------------------+-------+-------++-------
  Melee: Club              |    17 |     2 ||    19
         Long sword        |       |    15 ||    15
   Cast: Sting             |    91 |    93 ||   184
 Armour: Robe              |    31 |    32 ||    63
  Dodge: Dodged            |    29 |    47 ||    76

Table legend: (Time is in decaauts)
 A = Elapsed time spent in this place.
 B = Non-inter-level travel time spent in this place.
 C = Inter-level travel time spent in this place.
 D = Time resting spent in this place.
 E = Time spent auto-exploring this place.
 F = Levels seen in this place.
 G = Mean time per level.
                   A        B        C        D        E       F      G
               +--------+--------+--------+--------+--------+-----+--------+
         Total |   3741 |   3624 |    117 |      0 |   3092 |   4 |  935.2 |
       Dungeon |   3741 |   3624 |    117 |      0 |   3092 |   4 |  935.2 |
               +--------+--------+--------+--------+--------+-----+--------+

Top non-repeatable levels by time:
     D:1: 1504 daAuts
     D:2: 1132 daAuts
     D:3: 815 daAuts
     D:4: 289 daAuts
